 Dungeon Crawl Stone Soup version 0.23.2-40-g277498a (webtiles) character file.

Game seed: 13700218052031953540

98 Fang the Skirmisher (level 4, -1/29 HPs)
             Began as a Gargoyle Berserker on Oct 15, 2019.
             Was a Believer of Trog.
             Killed from afar by a dart slug (5 damage)
             ... with a slug dart
             ... on level 3 of the Dungeon.
             The game lasted 00:01:13 (1664 turns).

Fang the Skirmisher (Gargoyle Berserker)            Turns: 1664, Time: 00:01:13

Health: -1/29      AC:  5    Str: 21    XL:     4   Next: 71%
Magic:  4/4        EV: 12    Int:  8    God:    Trog [**....]
Gold:   68         SH:  0    Dex:  9    Spells: 3/3 levels left

rFire    . . .     SeeInvis .   a - +0 hand axe
rCold    . . .     Gourm    .   (no shield)
rNeg     + . .     Faith    .   b - +0 animal skin
rPois    ∞         Spirit   .   (no helmet)
rElec    +         Reflect  .   (no cloak)
rCorr    .         Harm     .   (no gloves)
MR       .....                  (no boots)
Stlth    +.........             (no amulet)
HPRegen  0.09/turn              (no ring)
MPRegen  0.09/turn              (no ring)

@: no status effects
A: negative energy resistance 1, electricity resistance, unbreathing,
petrification resistance, rot immunity, AC +3
a: Berserk, Trog's Hand, Renounce Religion


You were on level 3 of the Dungeon.
You worshipped Trog.
Trog was pleased with you.
You were not hungry.

You visited 1 branch of the dungeon, and saw 3 of its levels.

You collected 68 gold pieces.

Inventory:

Hand Weapons
 a - a +0 hand axe (weapon)
Armour
 b - a +0 animal skin (worn)
Scrolls
 e - 5 scrolls of identify {unknown}
 f - 3 scrolls of fog {unknown}
 j - 3 scrolls of remove curse {unknown}
Potions
 d - a potion of magic {unknown}
 g - 2 potions of curing {unknown}
 h - a potion of flight {unknown}
 k - a potion of lignification {unknown}
Comestibles
 c - 2 rations
 i - a chunk of flesh


   Skills:
 + Level 4.0 Fighting
 + Level 3.3 Axes
 + Level 3.2 Armour
 + Level 2.3 Dodging


You had 3 spell levels left.
You didn't know any spells.
Your spell library was empty.

Dungeon Overview and Level Annotations

Branches:
Dungeon (3/15)

Altars:
Dithmenos


Innate Abilities, Weirdness & Mutations

You are resistant to torment.
Your stone body is resilient. (AC +3)
You are immune to poison.
You resist negative energy. (rN+)
You are resistant to electric shocks. (rElec)
You can survive without breathing.
You are immune to petrification.
You are immune to rotting.


Message History

Found a moonstone ring.
Things that are here:
a dagger; 25 sling bullets
There is a stone staircase leading up here.
A dart slug comes into view.
The dart slug launches a dart at you. The slug dart misses you.
You see here a dart slug corpse.
You butcher the dart slug corpse.
You see here a chunk of flesh.
i - a chunk of flesh The dart slug launches a dart at you.
The slug dart hits you.
* * * LOW HITPOINT WARNING * * *
The dart slug launches a dart at you. The slug dart misses you.
There is a stone staircase leading up here.
The dart slug launches a dart at you. The slug dart hits you.
You die...

.##≈≈.≈≈....=
#.≈≈≈#≈#≈..#.? #
###≈≈≈≈≈≈≈≈≈≈...
#.#≈w≈≈#...≈≈≈≈≈..
#.≈≈≈≈≈..≈?≈#≈≈..
##≈≈≈≈≈≈≈.≈≈≈≈≈≈≈.
#≈≈≈≈≈#≈≈.≈#≈≈≈≈≈≈
.≈≈≈≈≈≈≈.).≈#≈≈≈≈≈
..≈≈≈≈≈≈.@†≈≈≈≈≈≈.
#≈≈≈≈#≈≈†.)≈≈≈≈≈≈≈
#≈≈#≈≈≈≈#.≈≈≈≈≈≈#b
.#≈≈≈≈≈≈≈..≈≈≈≈≈≈#
#.≈≈≈≈≈.!?≈≈≈≈≈.#
..#≈≈#≈≈≈..≈≈≈≈≈#.
. ##≈≈#≈#≈≈≈≈w≈...
##.≈≈w≈≈≈≈....!
.##≈≈.≈≈##..#


You could see 3 dart slugs.

Vanquished Creatures
  A worker ant (D:2)
  4 adders (D:2)
  7 dart slugs (D:3)
  A leopard gecko (D:2)
  A giant cockroach (D:1)
  4 goblins (D:1)
  3 hobgoblins
  2 kobolds
  A quokka (D:2)
  6 bats
  A frilled lizard (D:1)
  2 rats
33 creatures vanquished.

Vanquished Creatures (others)
  4 toadstools (D:1)
4 creatures vanquished.

Grand Total: 37 creatures vanquished

Notes
Turn   | Place    | Note
-------+----------+-------------------------------------------
     0 | D:1      | Fang the Gargoyle Berserker began the quest for the Orb.
     0 | D:1      | Reached XP level 1. HP: 14/14 MP: 1/1
    65 | D:1      | Reached XP level 2. HP: 19/19 MP: 2/2
   443 | D:2      | HP: 1/28 [worker ant (4)]
   444 | D:2      | Reached XP level 3. HP: 2/24 MP: 3/3
   940 | D:2      | Reached XP level 4. HP: 21/29 MP: 4/4
  1163 | D:2      | Found a shadowy altar of Dithmenos.
  1628 | D:3      | Reached skill level 4 in Fighting
  1630 | D:3      | Reached ** piety under Trog
  1664 | D:3      | Killed from afar by a dart slug

Skill      XL: |  1  2  3  4 |
---------------+-------------+-----
Axes           | 3 |  3.3
Dodging        | 2 |  2.3
Armour         | 3 |  3.2
Fighting       | 4 |  4.0

Action                   |  1- 3 |  4- 6 || total
-------------------------+-------+-------++-------
Melee: Hand axe          |    64 |    60 ||   124
Invok: Berserk           |     1 |       ||     1
  Eat: Chunk             |     1 |     2 ||     3
Armor: Animal skin       |    18 |    30 ||    48
Dodge: Dodged            |    48 |    86 ||   134
